 Dungeon Crawl Stone Soup version 0.18.1-48-g4cf74bf (webtiles) character file.

136 Inkary the Shield-Bearer (level 5, -2/42 HPs)
             Began as a Formicid Fighter on Sept 10, 2016.
             Slain by Inkary's ghost (15 damage)
             ... on level 3 of the Dungeon.
             The game lasted 00:04:57 (1392 turns).

Inkary the Shield-Bearer (Formicid Fighter)         Turns: 1392, Time: 00:04:58

Health: -2/42      AC:  6    Str: 20 (21) XL:     5   Next: 43%
Magic:  5/5        EV:  8    Int:  5 (7)  God:
Gold:   34         SH:  9    Dex: 11      Spells: 0 memorised, 4 levels left

rFire  . . .     SeeInvis +     a - +0 war axe
rCold  . . .     Gourm    .     b - +0 scale mail
rNeg   . . .     Faith    .     c - +0 shield
rPois  .         Spirit   .     (helmet unavailable)
rElec  .         Dismiss  .     (no cloak)
rCorr  .         Reflect  .     (no gloves)
SustAt .         Harm     .     (no boots)
MR     .....                    (no amulet)
Stlth  ..........               (no ring)
                                (no ring)

@: flying, not resistant to hostile enchantments, extremely unstealthy
A: permanent stasis, dig shafts and tunnels, four strong arms, antennae 3
a: Dig, Shaft Self


You were on level 3 of the Dungeon.
You were not hungry.

You visited 1 branch of the dungeon, and saw 3 of its levels.

You collected 34 gold pieces.

Inventory:

Hand Weapons
 a - a +0 war axe (weapon)
Armour
 b - a +0 scale mail (worn)
 c - a +0 shield (worn)
Jewellery
 m - an uncursed amulet of magic regeneration {unknown}
Scrolls
 h - a scroll of identify {unknown}
 i - a scroll of fear {unknown}
 j - a scroll of blinking {unknown}
 k - 2 scrolls of random uselessness {unknown}
Potions
 d - 2 potions of might
Comestibles
 f - a bread ration


   Skills:
 + Level 4.2 Fighting
 * Level 4.0 Axes
 - Level 3.2 Armour
 + Level 4.4 Shields


You had 4 spell levels left.
You didn't know any spells.

Dungeon Overview and Level Annotations

Branches:
Dungeon (3/15)

Altars:
Nemelex Xobeh
Vehumet
The Shining One

Annotations:
D:3 Inkary's ghost, amateur FoFi


Innate Abilities, Weirdness & Mutations

You are under a permanent stasis effect.
You can dig through walls and to a lower floor.
Your four strong arms can wield two-handed weapons with a shield.
You have a pair of large antennae on your head (SInv).


Message History

Inkary's ghost barely misses you.
Inkary's ghost lets out a mournful wail.
Inkary's ghost hits you!
You hit Inkary's ghost.
Inkary's ghost is heavily damaged.
Inkary's ghost hits you!
You hit Inkary's ghost but do no damage.
Inkary's ghost is heavily damaged.
Inkary's ghost hits you.
You completely miss Inkary's ghost.
Inkary's ghost is moderately damaged.
Inkary's ghost hits you.
Inkary's ghost hits you but does no damage.
You slash Inkary's ghost!
Inkary's ghost is severely damaged.
Inkary's ghost closely misses you.
You closely miss Inkary's ghost.
Inkary's ghost is severely damaged.
Inkary's ghost hits you!
You die...

### #.# #@# #W#
#)# # #.##.#
#....#
#...........
...{...........
#.###....$......
#.#.#####...


You could see Inkary's ghost.

Vanquished Creatures
  2 adders (D:2)
  3 gnolls (D:2)
  2 oozes (D:1)
  2 worms (D:2)
  2 dart slugs (D:1)
  4 giant geckos
  7 hobgoblins
  7 jackals
  10 kobolds
  9 bats
  2 giant newts (D:2)
  5 goblins
  12 rats
67 creatures vanquished.

Notes
Turn   | Place    | Note
--------------------------------------------------------------
     0 | D:1      | Inkary the Formicid Fighter began the quest for the Orb.
     0 | D:1      | Reached XP level 1. HP: 18/18 MP: 1/1
    68 | D:1      | Reached XP level 2. HP: 20/24 MP: 2/2
   149 | D:1      | Reached XP level 3. HP: 24/29 MP: 3/3
   581 | D:2      | Reached XP level 4. HP: 30/37 MP: 4/4
   794 | D:2      | Found a radiant altar of Vehumet.
   802 | D:2      | Found a glowing golden altar of the Shining One.
   804 | D:2      | Found a sparkling altar of Nemelex Xobeh.
   937 | D:2      | Reached XP level 5. HP: 21/42 MP: 5/5
  1375 | D:3      | Noticed Inkary's ghost (amateur FoFi)
  1392 | D:3      | Slain by Inkary's ghost

Skill      XL: |  1  2  3  4  5 |
---------------+----------------+-----
Shields        | 4 |  4.4
Axes           | 3 4 |  4.0
Fighting       | 4 |  4.2
Armour         | |  3.2

Action                   |  1- 3 |  4- 6 || total
-------------------------+-------+-------++-------
Melee: War axe           |   105 |   109 ||   214
  Use: Potion            |       |     5 ||     5
  Eat: Chunk             |       |     2 ||     2
Armor: Scale mail        |    68 |    42 ||   110
Dodge: Dodged            |    41 |    42 ||    83
Block: Shield            |    78 |    60 ||   138
